AoeStats
← Crazy_Owl

Arena

507987850Analyzed
1v1 RM · 12d ago on Sep 20, 2026· 27m 48s· 2 players
Game mode
Random Map
Map size
Tiny (2 player)
Population
200
Speed
Normal
Resources
Standard
Victory
Conquest
Starting age
Dark Age
Ending age
Imperial Age
RankedLock teamsTeams togetherTeam positionsShared explorationLock speedFull tech treeHidden civsTurbo modeCheats
Victory
Defeat
🇮🇳 Maya · India
982
+14
🇳🇱 Goths · Netherlands
949
-14
Crazy_Owl
7:53 Loom
11:26 Feudal Age
12:13 Horse Collar
12:23 Double-Bit Axe
13:36 Wheelbarrow
16:50 Castle Age
16:29 Scale Mail Armor
16:21 Fletching
18:11 Bow Saw
18:23 Heavy Plow
19:07 Man-at-Arms
25:23 Long Swordsman
Antaj
0:28 Loom
11:38 Feudal Age
16:11 Castle Age
14:31 Double-Bit Axe
15:42 Forging
16:07 Horse Collar
17:22 Eagle Warrior
19:15 Scale Mail Armor
22:45 Squires
24:48 Chain Mail Armor
25:24 Town Watch
Connection lost

Rejoining the realm…

Still unreachable

The connection could not be restored.

Session expired

The server has moved on; the page needs a fresh start.